 Dungeon Crawl Stone Soup version 0.28.0-53-g5a82cb258f (webtiles) character file.

Game seed: 15221587050297336833

2870 DocClef the Frost Mage (level 9, -6/66 HPs)
             Began as a Gnoll Ice Elementalist on July 11, 2022.
             Was a Believer of Sif Muna.
             Killed from afar by a manticore (17 damage)
             ... with a volley of spikes
             ... on level 8 of the Dungeon.
             The game lasted 00:12:52 (11223 turns).

DocClef the Frost Mage (Gnoll Ice Elementalist)    Turns: 11223, Time: 00:12:53

Health: -6/66      AC: 10    Str:  9    XL:     9   Next: 76%
Magic:  19/19      EV: 15    Int: 22    God:    Sif Muna [**....]
Gold:   366        SH:  0    Dex: 14    Spells: 14/21 levels left

rFire   . . .      SeeInvis .   e - +0 lajatang
rCold   . . .      Faith    .   (shield currently unavailable)
rNeg    . . .      Spirit   .   B - +0 steam dragon scales
rPois   .          Reflect  .   (no helmet)
rElec   .          Harm     .   a - +0 cloak
rCorr   .          Rampage  .   n - +2 pair of gloves
Will    .....      Clarity  +   (no boots)
Stlth   +++.......              d - amulet of the acrobat
HPRegen 0.21/turn               A - +6 ring of intelligence
MPRegen 0.16/turn               (no ring)

@: spiked
A: fangs 1, strong nose, distributed training, hooves 1, clarity
a: Renounce Religion, Channel Magic


You were on level 8 of the Dungeon.
You worshipped Sif Muna.
Sif Muna was pleased with you.
You visited 2 branches of the dungeon, and saw 9 of its levels.

You collected 366 gold pieces.

Inventory:

Hand Weapons
 e - a +0 lajatang (weapon)
 f - a +4 flail
Armour
 a - a +0 cloak (worn)
 j - a +0 kite shield
 n - a +2 pair of gloves (worn)
 B - +0 steam dragon scales (worn)
Jewellery
 d - an amulet of the acrobat (around neck)
 A - a +6 ring of intelligence (left hand)
Wands
 w - a wand of polymorph (7)
 z - a wand of iceblast (21)
Scrolls
 h - a scroll of noise {unknown}
 m - 3 scrolls of identify
 p - 3 scrolls of teleportation
 s - 2 scrolls of holy word {unknown}
 u - 2 scrolls of amnesia {unknown}
 x - a scroll of fog
 y - a scroll of fear
Potions
 b - 3 potions of berserk rage
 i - a potion of might
 l - 3 potions of haste {unknown}
 o - a potion of ambrosia {unknown}
 q - a potion of attraction {unknown}
 r - 2 potions of invisibility {unknown}
 t - a potion of magic {unknown}
 v - 3 potions of flight {unknown}


   Skills:
 + Level 4.5 Fighting
 + Level 4.5 Short Blades
 + Level 4.5 Long Blades
 + Level 4.5 Axes
 + Level 4.5 Maces & Flails
 + Level 4.5 Polearms
 + Level 4.5 Staves
 + Level 4.5 Slings
 + Level 4.5 Bows
 + Level 4.5 Crossbows
 + Level 4.5 Throwing
 + Level 4.5 Armour
 + Level 6.5 Dodging
 + Level 6.2 Stealth
 + Level 4.5 Shields
 + Level 4.5 Unarmed Combat
 + Level 6.8 Spellcasting
 + Level 3.7 Conjurations
 + Level 3.7 Hexes
 + Level 3.7 Summonings
 + Level 3.7 Necromancy
 + Level 3.7 Translocations
 + Level 3.7 Transmutations
 + Level 3.7 Fire Magic
 + Level 8.1 Ice Magic
 + Level 3.7 Air Magic
 + Level 3.7 Earth Magic
 + Level 3.7 Poison Magic
 + Level 5.0 Invocations
 + Level 4.5 Evocations


You had 14 spell levels left.
You knew the following spells:

 Your Spells              Type           Power      Damage    Failure   Level
a - Freeze                Ice            100%       1d11      1%          1
b - Frozen Ramparts       Ice            86%        1d10      1%          3
c - Ozocubu's Armour      Ice            43%        N/A       1%          3

Your spell library contained the following spells:

 Spells                   Type           Power      Damage    Failure   Level
 Foxfire                  Conj/Fire      96%        2x1d8     1%          1
 Shock                    Conj/Air       96%        1d9       1%          1
 Conjure Flame            Conj/Fire      24%        6-21      5%          3
 Inner Flame              Hex/Fire       24%        N/A       5%          3
 Swiftness                Air            24%        N/A       5%          3
 Hailstorm                Conj/Ice       33%        3d8       7%          4
 Airstrike                Air            12%        N/A       19%         4
 Flame Wave               Conj/Fire      24%        2d7       19%         4


Dungeon Overview and Level Annotations

Branches:
Dungeon (8/15)             Temple (1/1) D:4
   Lair: D:8-11

Altars:
Ashenzari
Cheibriados
Dithmenos
Fedhas
Gozag
Hepliaklqana
Kikubaaqudgha
Makhleb
Okawaru
Qazlal
Ru
Sif Muna
Trog
Uskayaw
Vehumet
Wu Jian
Zin
The Shining One

Annotations:
D:5 2 transporters


Innate Abilities, Weirdness & Mutations

You have very sharp teeth.
Your uncanny sense of smell can sniff out nearby items.
Your experience applies equally to all skills.
You have large cloven feet.
You possess an exceptional clarity of mind.


Message History

The barbs in your skin will harm you if you move.
Continue?
Okay, then.
The manticore flicks its tail.
The volley of spikes hits you.
The barbed spikes become lodged in your body.
The manticore flicks its tail.
The volley of spikes hits you.
The barbed spikes become lodged in your body.
The manticore flicks its tail.
The volley of spikes hits you!
The barbed spikes become lodged in your body.
The manticore flicks its tail.
The volley of spikes hits you!
The barbed spikes become lodged in your body.
* * * LOW HITPOINT WARNING * * *
It was a potion of lignification.
You turn into a tree.
Your +0 cloak melds into your body.
Your +2 pair of gloves melds into your body.
Your +0 steam dragon scales melds into your body.
Your roots penetrate the ground.
The manticore flicks its tail.
The volley of spikes hits you!
The barbed spikes become lodged in your body.
* * * LOW HITPOINT WARNING * * *
It was a potion of mutation.
You feel extremely strange.
Your feet thicken and deform.
Your thoughts seem clearer.
It was a potion of might.
You feel very mighty all of a sudden.
It was a potion of cancellation.
Your magical effects are unravelling.
You feel magically purged.
You feel less wooden.
Your +0 cloak unmelds from your body.
Your +2 pair of gloves unmelds from your body.
Your +0 steam dragon scales unmelds from your body.
You feel a little less mighty now.
The manticore flicks its tail.
The volley of spikes hits you!
The barbed spikes become lodged in your body.
You die...

###...#.#######
#..............
#.#....#######.
#.##[#.# #
#.#.# # #.# #.#
#.##### #@..>.#
#....##.# ∆
#..H...
##.?.##.. ##.##
.# #.# ∆# #.#
#[#


You could see a manticore.

Vanquished Creatures
  Maggie (D:7)
  A steam dragon (D:6)
  2 water moccasins
  2 ice beasts (D:7)
  A black bear (D:5)
  An orc warrior (D:6)
  5 ogres
  A phantom (D:7)
  Blork the orc (D:6)
  4 scorpions
  2 water moccasin zombies
  4 wights (D:7)
  2 howler monkeys
  A bullfrog zombie (D:5)
  2 hounds
  6 orc priests
  Crazy Yiuf (D:7)
  Jessica (D:3)
  A bullfrog skeleton (D:6)
  An iguana (D:6)
  5 orc wizards
  2 howler monkey zombies
  5 adders
  4 gnolls
  A white imp (D:6)
  2 adder skeletons (D:4)
  3 worms
  2 dart slugs
  25 orcs
  8 ball pythons
  6 endoplasms
  4 giant cockroaches
  5 goblins
  5 hobgoblins
  2 jackals (D:4)
  2 kobolds
  6 quokkas
  3 bats
  4 frilled lizards
  7 rats
141 creatures vanquished.

Vanquished Creatures (others)
  An orc wizard (D:4)
1 creature vanquished.

Grand Total: 142 creatures vanquished

Notes
Turn   | Place    | Note
-------+----------+-------------------------------------------
     0 | D:1      | DocClef the Gnoll Ice Elementalist began the quest for the
                  | Orb.
     0 | D:1      | Reached XP level 1. HP: 13/13 MP: 6/6
    50 | D:1      | You fall into a shaft and drop 1 floor!
   338 | D:1      | Reached XP level 2. HP: 19/19 MP: 5/7
   718 | D:1      | Found a faded altar of an unknown god.
   818 | D:1      | Reached skill level 5 in Spellcasting
   818 | D:1      | Reached XP level 3. HP: 14/25 MP: 4/9
  1561 | D:2      | Reached skill level 1 in Invocations
  1630 | D:2      | Learned a level 3 spell: Frozen Ramparts
  1634 | D:2      | Learned a level 3 spell: Ozocubu's Armour
  1911 | D:2      | Reached skill level 1 in Fighting
  1911 | D:2      | Reached skill level 1 in Short Blades
  1911 | D:2      | Reached skill level 1 in Long Blades
  1911 | D:2      | Reached skill level 1 in Axes
  1911 | D:2      | Reached skill level 1 in Maces & Flails
  1911 | D:2      | Reached skill level 1 in Polearms
  1911 | D:2      | Reached skill level 1 in Staves
  1911 | D:2      | Reached skill level 1 in Slings
  1911 | D:2      | Reached skill level 1 in Bows
  1911 | D:2      | Reached skill level 1 in Crossbows
  1911 | D:2      | Reached skill level 1 in Throwing
  1911 | D:2      | Reached skill level 1 in Armour
  1911 | D:2      | Reached skill level 1 in Shields
  1911 | D:2      | Reached skill level 1 in Unarmed Combat
  1911 | D:2      | Reached skill level 1 in Evocations
  1940 | D:2      | Reached XP level 4. HP: 21/32 MP: 11/11
  3247 | D:3      | Noticed Jessica
  3252 | D:3      | Killed Jessica
  3253 | D:3      | Reached skill level 1 in Conjurations
  3253 | D:3      | Reached skill level 1 in Hexes
  3253 | D:3      | Reached skill level 1 in Summonings
  3253 | D:3      | Reached skill level 1 in Necromancy
  3253 | D:3      | Reached skill level 1 in Translocations
  3253 | D:3      | Reached skill level 1 in Transmutations
  3253 | D:3      | Reached skill level 1 in Fire Magic
  3253 | D:3      | Reached skill level 1 in Air Magic
  3253 | D:3      | Reached skill level 1 in Earth Magic
  3253 | D:3      | Reached skill level 1 in Poison Magic
  3659 | D:4      | Reached XP level 5. HP: 24/37 MP: 12/12
  3765 | D:4      | Found a staircase to the Ecumenical Temple.
  3952 | Temple   | Entered the Ecumenical Temple
  4178 | Temple   | Became a worshipper of Sif Muna the Loreminder
  4757 | D:4      | Reached XP level 6. HP: 44/44 MP: 3/13
  4868 | D:4      | Reached skill level 5 in Dodging
  4869 | D:4      | Reached * piety under Sif Muna
  5127 | D:5      | Entered Level 5 of the Dungeon
  5213 | D:5      | Found a transporter.
  5217 | D:5      | Found a transporter.
  5253 | D:5      | Found a blossoming altar of Fedhas.
  5254 | D:5      | Noticed a black bear
  5268 | D:5      | Killed a black bear
  5269 | D:5      | Reached XP level 7. HP: 10/50 MP: 6/15
  6042 | D:5      | Reached skill level 5 in Stealth
  6085 | D:5      | Found a glowing silver altar of Zin.
  6580 | D:5      | Reached XP level 8. HP: 11/57 MP: 16/16
  7252 | D:6      | Found a broken altar of Ashenzari.
  7718 | D:6      | Reached ** piety under Sif Muna
  7882 | D:6      | Reached XP level 9. HP: 35/65 MP: 12/18
  8124 | D:6      | Found an iron altar of Okawaru.
  8607 | D:6      | Noticed Blork the orc
  8625 | D:6      | Killed Blork the orc
  9538 | D:7      | Reached skill level 8 in Ice Magic
 10783 | D:7      | Found a hazy altar of Hepliaklqana.
 10827 | D:7      | Noticed Maggie
 10842 | D:7      | Killed Maggie
 10843 | D:7      | Reached skill level 5 in Invocations
 11006 | D:7      | Found a runed translucent door.
 11007 | D:7      | Noticed Crazy Yiuf
 11105 | D:7      | Killed Crazy Yiuf
 11213 | D:8      | Noticed a manticore
 11221 | D:8      | Gained mutation: You have large cloven feet. [potion of
                  | mutation]
 11221 | D:8      | Gained mutation: You possess an exceptional clarity of
                  | mind. [potion of mutation]
 11223 | D:8      | Killed from afar by a manticore

Illustrated notes

Levels and vault maps discovered:
D:1:      eino_arrival_druids_welcome, layout_loops_ring,
          hellmonk_ecumenical_altar_zigzags, grunt_decor_junction,
          minmay_bisected
D:2:      layout_rooms
D:3:      layout_basic, chequers_serial_rivers_micro_c, uniq_jessica
D:4:      layout_rooms, minmay_temple_entry_glass
D:5:      gammafunk_steamed_eel, layout_loops_corners, zin_scriptorium,
          mainiacjoe_overflow_cross_hatched,
          lightli_ossuary_entry_decrepit_ruins
D:6:      layout_basic, mainiacjoe_overflow_alcove_1,
          mainiacjoe_overflow_surrounded_room, uniq_blork_the_orc
D:7:      layout_gridville, mainiacjoe_overflow_catwalk, uniq_maggie,
          uniq_crazy_yiuf_cottage
D:8:      layout_loops_ring, grunt_temple_overflow_open,
          nicolae_elyvilon_peaceful_grove
Temple:   nicolae_temple_figure_eight

Skill      XL: |  1  2  3  4  5  6  7  8  9 |
---------------+----------------------------+-----
Spellcasting   | 5 6 |  6.8
Invocations    | 1 2 3 4 5 |  5.0
Fighting       | 1 2 3 4 |  4.5
Short Blades   | 1 2 3 4 |  4.5
Long Blades    | 1 2 3 4 |  4.5
Axes           | 1 2 3 4 |  4.5
Maces & Flails | 1 2 3 4 |  4.5
Polearms       | 1 2 3 4 |  4.5
Staves         | 1 2 3 4 |  4.5
Slings         | 1 2 3 4 |  4.5
Bows           | 1 2 3 4 |  4.5
Crossbows      | 1 2 3 4 |  4.5
Throwing       | 1 2 3 4 |  4.5
Armour         | 1 2 3 4 |  4.5
Shields        | 1 2 3 4 |  4.5
Unarmed Combat | 1 2 3 4 |  4.5
Evocations     | 1 2 3 4 |  4.5
Conjurations   | 1 2 3 |  3.7
Hexes          | 1 2 3 |  3.7
Summonings     | 1 2 3 |  3.7
Necromancy     | 1 2 3 |  3.7
Translocations | 1 2 3 |  3.7
Transmutations | 1 2 3 |  3.7
Fire Magic     | 1 2 3 |  3.7
Air Magic      | 1 2 3 |  3.7
Earth Magic    | 1 2 3 |  3.7
Poison Magic   | 1 2 3 |  3.7
Dodging        | 5 6 |  6.5
Stealth        | 5 6 |  6.2
Ice Magic      | 8 |  8.1

Action                   |  1- 3 |  4- 6 |  7- 9 || total
-------------------------+-------+-------+-------++-------
Melee: Unarmed           |     3 |       |       ||     3
       Bite              |     2 |     7 |    33 ||    42
       Flail             |    30 |    87 |    58 ||   175
       Punch             |       |     3 |     2 ||     5
       Lajatang          |       |       |   168 ||   168
 Cast: Freeze            |    34 |     8 |     7 ||    49
       Frozen Ramparts   |       |    15 |    26 ||    41
       Ozocubu's Armour  |       |     8 |    26 ||    34
  Use: Scroll            |       |       |     7 ||     7
       Potion            |       |       |     4 ||     4
 Stab: Sleeping          |     2 |     6 |     2 ||    10
       Distracted        |       |     1 |       ||     1
Armor: Robe              |    11 |    21 |    53 ||    85
       Steam dragon scal |       |       |     1 ||     1
Dodge: Dodged            |    34 |    75 |   245 ||   354
